 Dungeon Crawl Stone Soup version 0.30-a0-879-ga8ba668304 (webtiles) character file.

Game seed: 992315943955181832

4 M4edhros the Charlatan (level 1, -1/13 HPs)
             Began as an Octopode Artificer on Mar 14, 2023.
             Killed from afar by a dart slug (3 damage)
             ... with a slug dart
             ... on level 2 of the Dungeon.
             The game lasted 00:00:24 (138 turns).

M4edhros the Charlatan (Octopode Artificer)          Turns: 138, Time: 00:00:25

Health: -1/13      AC:  1    Str: 11    XL:     1   Next: 70%
Magic:  1/1        EV: 13    Int: 13    God:
Gold:   19         SH:  0    Dex: 12    Spells: 0/0 levels left

rFire   . . .      SeeInvis .    (no weapon)
rCold   . . .      Faith    .    (no shield)
rNeg    . . .      Spirit   .    (helmet restricted)
rPois   .          Reflect  .    (no amulet)
rElec   .          Rampage  .    (no ring)
rCorr   .                        (no ring)
Will    .....                    (no ring)
Stlth   +++                      (no ring)
HPRegen 0.22/turn                (no ring)
MPRegen 0.07/turn                (no ring)
                                 (no ring)
                                 (no ring)

@: lethally poisoned (-1 -> -4), attractive
A: almost no armour, amphibious, 8 rings, camouflage 1, gelatinous body 1,
(nimble swimmer 1), tentacles
a: no special abilities


You were on level 2 of the Dungeon.
You visited 1 branch of the dungeon, and saw 2 of its levels.

You collected 19 gold pieces.

Inventory:

Wands
 b - a wand of flame (15) (quivered)
 c - a wand of charming (15)
 d - a wand of iceblast (5)
 e - a wand of mindburst (7)
Scrolls
 f - a scroll of blinking {unknown}
 g - a scroll of poison {unknown}
Potions
 a - a potion of attraction


   Skills:
 + Level 1.3 Fighting
 + Level 2.5 Dodging
 - Level 1.3 Stealth
 - Level 3.2 Evocations


You couldn't memorise any spells.
You didn't know any spells.
Your spell library contained the following spells:

 Spells                   Type           Power      Damage    Failure   Level
 Ensorcelled Hibernation  Hex/Ice        0%         N/A       43%         2
 Passwall                 Tmut/Erth      0%         N/A       43%         2
 Swiftness                Air            0%         N/A       67%         3


Dungeon Overview and Level Annotations

Branches:
Dungeon (2/15)

Altars:


Innate Abilities, Weirdness & Mutations

You cannot wear most types of armour.
You are amphibious.
You can wear up to eight rings at the same time.
Your skin changes colour to match your surroundings (Stealth+).
Your rubbery body absorbs attacks. (AC +1, EV +1)
((You are camouflaged when in or above water. (Stealth+)))
You have tentacles for arms and can constrict up to eight enemies at once.


Message History

You pick up a book of Burglary and begin reading...
You add the spells Passwall, Ensorcelled Hibernation and Swiftness to your library.
A worm is nearby!
A worm is nearby!
There is a stone staircase leading down here.
Found a mace.
Found a scroll labelled ROTWOLO PIFROCS.
HP restored.
g - a scroll labelled ROTWOLO PIFROCS You now have 19 gold pieces (gained 8).
Found a stone staircase leading down.
Found a leather armour.
No target in view!
You see here the +4 spear "Thing" {holy, rN+ rCorr Dex+3}.
No target in view!
A dart slug and an adder come into view.
There are monsters nearby!
The adder hisses angrily.
You tentacle-slap the adder but do no damage.
Your grab misses the adder. Your squeeze misses the adder.
The adder barely misses you. The adder misses you.
You closely miss the adder. You grab the adder. You constrict the adder.
The adder bites you. The dart slug launches a dart at you.
The slug dart hits you.
You tentacle-slap the adder.
The adder is moderately wounded.
You constrict the adder. The adder bites you.
* * * LOW HITPOINT WARNING * * *
You are lethally poisoned!
The adder poisons you!
You are too injured to fight recklessly!
It was a potion of attraction.
You feel attractive to monsters.
You constrict the adder.
* * * LOW HITPOINT WARNING * * *
You feel sick. The adder misses you. The dart slug launches a dart at you.
The slug dart hits you.
You die...

.##.# #.# #.### .....
##.###.... #...#
#.....#### #...#
#......... ######...#
#.....#### #........
............
#.......######.....###.
#........#####.........
#....w@#....##.....###.
#....S.####).###+### #.
#......# ##...#.# #.
#......# ###...## #.
#....... .[.##...# #.
......... .........# #.
#####.... ......##.# #.
............ #.# #.
...... #.####.


You could see an adder and a dart slug.

Vanquished Creatures
  2 jackals (D:2)
  2 ball pythons (D:2)
4 creatures vanquished.

Notes
Turn   | Place    | Note
-------+----------+-------------------------------------------
     0 | D:1      | M4edhros the Octopode Artificer began the quest for the
                  | Orb.
     0 | D:1      | Reached XP level 1. HP: 13/13 MP: 1/1
   127 | D:2      | Identified the +4 spear "Thing" {holy, rN+ rCorr Dex+3}
   138 | D:2      | Killed from afar by a dart slug

Illustrated notes

Levels and vault maps discovered:
D:1:      shiori_arrival_maze, layout_basic, nicolae_ecumenical_snake_handling
D:2:      cheibrodos_greedy_goblins, layout_basic, basic_altar,
          minmay_misc_feat_cross, uniq_terence

Action                     || total
---------------------------++-------
  Melee: Unarmed           ||    11
         Constrict         ||     5
         Tentacles         ||     1
    Use: Potion            ||     1
   Stab: Sleeping          ||     1
  Dodge: Dodged            ||    16

Table legend: (Time is in decaauts)
 A = Elapsed time spent in this place.
 B = Non-inter-level travel time spent in this place.
 C = Inter-level travel time spent in this place.
 D = Time resting spent in this place.
 E = Time spent auto-exploring this place.
 F = Levels seen in this place.
 G = Mean time per level.
                   A        B        C        D        E       F      G
               +--------+--------+--------+--------+--------+-----+--------+
         Total |    137 |    137 |      0 |      0 |     68 |   2 |   68.5 |
       Dungeon |    137 |    137 |      0 |      0 |     68 |   2 |   68.5 |
               +--------+--------+--------+--------+--------+-----+--------+

Top non-repeatable levels by time:
     D:2: 134 daAuts
     D:1: 3 daAuts
